Map: Inferno Pools

Players

Amshel - Winner!

  • Race: Zerg Zerg
  • Spawn Location: 1:00

DrennoC - Winner!

  • Race: Zerg Zerg
  • Spawn Location: 7:00

Filleriste

  • Race: Terran Terran

Sudhish

  • Race: Terran Terran

VOD

Have the link to the VOD?

Description

Time

  • Played on: April 3, 2015, 4:30 p.m.
  • Length: 18:49
Show
View Real Time Build Order
Export as new Build Order

Amshel Zerg - Winner!

Build Orders: Pool First, Lurkers 

Get SALT Encoding   

  12  0:01  Drone  
  13  0:12  Overlord  
  13  0:25  Drone  
  14  0:31  Drone  
  15  0:41  Spawning Pool  
  15  0:42  Drone  
  15  0:52  Drone x2  
  17  1:15  Hatchery  
  17  1:18  Drone  
  17  1:21  Drone, Extractor  
  17  1:27  Overlord  
  17  1:37  Zergling x2  
  18  1:44  Zergling x2  
  19  1:52  Queen  
  22  1:54  Drone  
  22  2:04  Drone  
  23  2:21  Drone  
  24  2:26  Queen  
  24  2:28  Queen  
  28  2:30  Metabolic Boost  
  28  2:36  Zergling x2  
  28  2:37  Zergling x4  
  31  2:46  Drone x2  
  33  2:56  Drone  
  33  2:57  Roach Warren  
  33  2:58  Drone  
  34  3:09  Drone  
  34  3:10  Drone  
  34  3:11  Overlord  
  36  3:20  Extractor  
  36  3:22  Drone  
  36  3:35  Baneling Nest  
  36  3:39  Drone  
  36  3:40  Drone  
  37  3:44  Spine Crawler  
  37  3:46  Drone x3  
  39  3:49  Drone x2, Zergling x4  
  39  3:52  Overlord  
  43  4:01  Drone  
  44  4:10  Queen  
  44  4:14  Drone x5  
  50  4:19  Zergling x2  
  50  4:20  Evolution Chamber  
  50  4:21  Drone  
  50  4:22  Drone  
  52  4:36  Overlord x2  
  50  4:40  Drone  
  50  4:54  Zerg Melee Weapons Level 1  
  50  4:56  Lair  
  50  5:03  Drone x2  
  50  5:05  Drone  
  53  5:14  Hatchery  
  53  5:19  Zergling x4  
  53  5:20  Zergling x2  
  55  5:21  Evolution Chamber  
  54  5:29  Zergling x10  
  54  5:30  Zergling x2  
  60  5:39  Drone x2  
  60  5:42  Drone x2  
  64  5:50  Drone x3  
  64  5:53  Drone  
  68  5:57  Overlord x3  
  68  5:58  Overlord  
  68  6:15  Queen  
  70  6:21  Drone x4, Hydralisk Den  
  70  6:22  Drone, Extractor  
  73  6:40  Drone  
  73  6:41  Drone x8  
  82  6:47  Zerg Missile Weapons Level 1  
  82  6:49  Zerg Ground Armor Level 1  
  82  6:56  Drone x4  
  86  7:06  Hydralisk x4  
  86  7:07  Hydralisk x3  
  100  7:18  Drone x4  
  100  7:22  Drone x2  
  106  7:24  Overlord x2  
  106  7:27  Hatchery  
  105  7:35  Hatchery  
  104  7:37  Lurker Den  
  104  7:41  Overlord x5  
  104  7:49  Pneumatized Carapace  
  104  7:53  Drone x3  
  107  8:09  Zergling x8  
  107  8:10  Overlord x3  
  110  8:23  Extractor  
  110  8:25  Extractor  
  108  8:28  Hydralisk x5  
  108  8:29  Hydralisk x4  
  108  8:31  Zergling x2  
  108  8:32  Zergling x2  
  108  8:33  Drone x2  
  129  8:40  Hatchery  
  128  8:42  Hatchery  
  127  8:54  Hatchery  
  126  9:01  Zerg Missile Weapons Level 2  
  126  9:02  Zerg Ground Armor Level 2  
  126  9:03  Hydralisk x4  
  126  9:04  Zergling x8  
  131  9:23  Hydralisk x3  
  137  9:24  Drone x2  
  139  9:34  Extractor  
  139  9:35  Drone x6  
  139  9:36  Drone x7  
  139  9:38  Queen x2  
  155  9:56  Hydralisk x4  
  155  9:57  Hydralisk  
  165  10:18  Drone x7, Hydralisk  
  165  10:19  Hydralisk x9  
  165  10:20  Hydralisk  
  193  10:33  Hydralisk x3  
  193  10:35  Zergling x6  
  197  10:38  Queen  
  197  10:43  Queen  
  197  10:44  Extractor  
  197  10:46  Extractor  
  197  10:57  Hydralisk  
  199  11:24  Lurker  
  200  11:35  Queen  
  185  11:44  Lurker x3  
  185  11:45  Lurker x7  
  193  12:11  Zergling x2  
  193  12:12  Zergling x12  
  200  12:16  Zerg Melee Weapons Level 2  
  200  12:23  Infestation Pit  
  193  12:31  Lurker x3  
  193  12:33  Lurker x2  
  198  12:50  Zergling x4  
  200  12:57  Muscular Augments  
  200  13:00  Centrifical Hooks  
  200  13:02  Hive  
  198  13:25  Zergling x2  
  198  13:26  Hydralisk x10  
  199  14:23  Ventral Sacs  
  199  14:42  Hatchery  
  198  14:54  Hatchery  
  197  15:02  Hatchery  
  197  15:04  Hatchery  
  195  15:08  Hatchery  
  195  15:11  Seismic Spines  
  184  15:22  Zergling x2  
  184  15:23  Overlord x2, Zergling x12  
  184  15:24  Overlord x3  
  184  15:25  Hatchery  
  190  15:36  Zerg Missile Weapons Level 3  
  190  15:38  Zerg Ground Armor Level 3  
  190  16:25  Queen  
  183  17:11  Zergling x26  
  183  17:12  Zergling x22  
  189  17:22  Zergling x2  
  169  17:23  Zergling x42  
  169  17:24  Zergling x28  
  177  17:43  Baneling x6  
  177  17:44  Baneling x3  
  169  17:47  Baneling x2  
  169  17:48  Baneling x9  
  169  17:49  Baneling x9  
  169  17:50  Baneling x8  
  169  17:51  Baneling x9  
  165  17:52  Baneling x8  
  165  17:53  Baneling x9  
  165  17:54  Baneling x8  
  165  17:55  Baneling x3  
  165  18:03  Zergling x14  
  165  18:04  Zergling x50  
  165  18:05  Zergling x6  
  199  18:11  Zergling x4  
  199  18:12  Zergling x6  
  200  18:13  Zergling x14  
  179  18:20  Zergling x4  
  179  18:21  Zergling x40  
  179  18:24  Zergling x2  
  179  18:25  Zergling x14  
Show
View Real Time Build Order
Export as new Build Order

DrennoC Zerg - Winner!

Build Orders:  

Get SALT Encoding   

  12  0:07  SCV  
  13  0:19  SCV  
  14  0:30  Supply Depot  
  14  0:32  SCV  
  15  0:38  Supply Depot  
  15  0:52  SCV  
  15  0:54  Supply Depot  
  16  1:03  Barracks  
  16  1:06  SCV  
  17  1:18  SCV  
  18  1:23  Barracks  
  18  1:30  SCV  
  19  1:33  Refinery  
  19  1:36  Refinery  
  19  1:42  SCV  
  20  1:51  Marine  
  21  1:54  SCV  
  21  1:56  Supply Depot  
  22  2:08  SCV, Barracks  
  23  2:09  Marine  
  23  2:13  Marine  
  25  2:20  SCV  
  26  2:36  SCV  
  27  2:37  Supply Depot  
  27  2:44  Engineering Bay  
  27  2:49  SCV  
  28  2:57  Marine x3  
  31  3:12  SCV  
  32  3:27  Barracks Reactor  
  32  3:31  Barracks Reactor  
  32  3:37  Command Center  
  32  3:38  Barracks Tech Lab  
  32  3:45  SCV  
  33  4:04  Stimpack  
  33  4:20  Marine x2  
  33  4:21  Marine x2  
  37  4:24  Marauder  
  37  4:28  Bunker  
  34  4:44  Marine x3  
  34  4:45  Marine  
  36  4:49  SCV  
  36  4:51  Marauder  
  39  5:01  SCV  
  39  5:06  Marine x2  
  39  5:07  Refinery  
  42  5:13  SCV  
  43  5:22  Terran Infantry Armor Level 1  
  43  5:35  SCV  
  44  5:47  SCV, Orbital Command  
  45  5:53  Marine x3  
  45  5:56  Marine  
  49  5:59  SCV  
  49  6:03  Marauder  
  52  6:20  SCV x2  
  54  6:29  Sensor Tower  
  54  6:34  SCV x2  
  54  6:38  Refinery  
  56  6:42  Marine  
  56  6:43  Marine x3  
  56  6:46  Marine  
  61  7:03  SCV x2  
  61  7:08  Marine x3  
  63  7:09  Factory, Marine  
  63  7:14  Marauder  
  69  7:23  Supply Depot  
  69  7:34  Supply Depot  
  69  7:36  Supply Depot  
  69  7:38  SCV  
  70  7:45  SCV  
  71  8:01  Marine x3  
  71  8:02  Marine  
  71  8:03  Marauder  
  77  8:16  SCV x2  
  79  8:21  Terran Infantry Weapons Level 1  
  79  8:39  Factory  
  79  8:40  SCV x2  
  79  8:41  Factory Tech Lab  
  81  8:45  Marine x4  
  81  8:46  Marauder  
  81  8:47  Factory  
  87  8:54  SCV x2  
  89  9:08  Marine  
  89  9:09  Marine x3  
  94  9:10  Marauder  
  74  9:21  SCV  
  74  9:22  SCV  
  73  9:25  Siege Tank  
  73  9:26  Marine x2  
  78  9:31  Factory Tech Lab  
  78  9:34  Armory, Marine x2  
  78  9:35  Marauder  
  82  9:47  SCV x2  
  82  9:49  Marine x2  
  86  9:55  Supply Depot  
  86  9:57  Siege Tank  
  89  10:01  SCV x2  
  89  10:02  Marine  
  89  10:03  Supply Depot  
  89  10:05  Supply Depot  
  89  10:06  Supply Depot  
  92  10:09  Marine  
  92  10:10  Marine  
  94  10:17  Marine  
  95  10:26  Marine  
  96  10:36  Marine x2  
  96  10:37  Marine  
  96  10:39  Marauder  
  101  10:43  Factory Tech Lab  
  101  10:45  SCV x2  
  103  10:53  Terran Infantry Armor Level 2  
  104  10:57  SCV  
  104  10:59  Marine x3  
  104  11:00  Marine  
  104  11:01  Marauder  
  110  11:10  Supply Depot  
  110  11:11  Siege Tank  
  110  11:12  Supply Depot, Siege Tank x2  
  110  11:13  Supply Depot  
  119  11:25  Marine x3  
  120  11:26  Marauder, Marine  
  125  11:32  Barracks  
  125  11:34  SCV x2  
  123  11:45  Marine x3  
  123  11:46  Marine  
  127  12:02  Marine  
  127  12:03  Marine x2  
  127  12:04  Supply Depot, Marine  
  127  12:05  Supply Depot  
  127  12:06  Supply Depot x2  
  127  12:07  Supply Depot  
  132  12:10  Supply Depot  
  132  12:11  Marauder  
  133  12:21  Combat Shields  
  133  12:25  Barracks Reactor  
  133  12:39  SCV x2  
  133  12:40  Marine x4  
  133  12:41  Marauder  
  141  12:54  Barracks  
  141  13:09  Terran Infantry Weapons Level 2  
  141  13:17  Marine  
  141  13:18  Marine x3  
  147  13:20  Marauder  
  145  13:27  Marine  
  145  13:28  Marine  
  147  13:39  Marine x2  
  147  13:40  Marine x2  
  151  13:42  Marauder  
  151  13:44  Barracks Tech Lab  
  153  14:00  Widow Mine x3  
  159  14:04  Marine x2  
  159  14:05  Marine x3  
  159  14:06  Marine  
  159  14:08  Marauder x2  
  169  14:17  Command Center  
  169  14:22  Supply Depot  
  169  14:28  Widow Mine  
  169  14:29  Widow Mine x2  
  169  14:30  Marauder, Marine x2  
  169  14:31  Marine x3, Marauder  
  183  14:32  Marine  
  185  14:58  Thor  
  185  14:59  Marauder x2  
  189  15:11  Marine x5  
  189  15:12  Marine  
  120  15:25  Terran Infantry Armor Level 3  
  120  15:34  Marine x3, Marauder x2  
  120  15:35  Marine x3  
  130  15:41  Thor  
  136  15:53  Marine x3  
  136  15:54  Marine x2  
  136  15:55  Marine  
  136  15:56  Marauder x2  
  146  16:18  Marine x2  
  146  16:19  Marine x3  
  146  16:20  Marine  
  146  16:21  Marauder x2  
  146  16:23  Thor  
  145  17:10  Marine x3  
  145  17:11  Marine x3  
  145  17:13  Marauder  
  131  17:17  Barracks Tech Lab  
  102  17:34  Marauder  
  102  17:36  Marine x4  
  104  17:37  Marine x2  
  104  17:38  Marauder  
  108  17:55  Marauder  
  110  18:00  Marine x3  
  110  18:01  Marine x3  
  110  18:02  Marauder  
  118  18:17  Marauder  
  118  18:19  Marine x2  
  65  18:20  Marine x4  
Show
View Real Time Build Order
Export as new Build Order

Filleriste Terran 

Build Orders:  

Get SALT Encoding   

Show
View Real Time Build Order
Export as new Build Order

Sudhish Terran 

Build Orders:  

Get SALT Encoding   

Tags
 
Add a new tag
Caveats
  • Supply blocks, unpowered buildings, or Contaminate may cause inaccurate times.
  • Supply counts are checked every 10 seconds.